AoeStats
← 喜多川海梦

Arena

508183418Analyzed
4v4 RM · 2mo ago on Sep 21, 2026· 58m 22s· 8 players
Game mode
Random Map
Map size
Large (8 player)
Population
200
Speed
Normal
Resources
Standard
Victory
Conquest
Starting age
Dark Age
Ending age
Imperial Age
RankedLock teamsTeams togetherTeam positionsShared explorationLock speedFull tech treeHidden civsTurbo modeCheats
Victory
Defeat
🇨🇳 Franks · China
1108
+16
🇨🇳 Poles · China
1091
+17
🇨🇳 Sicilians · China
1077
+17
🇨🇳 Turks · China
1074
+18
vs
🇹🇼 Japanese · Taiwan
1178
-20
🇹🇼 Persians · Taiwan
1101
-17
🇨🇳 Dravidians · China
1086
-16
🇨🇳 Malay · China
1069
-15
BIGSHARK
10:53 Feudal Age
14:36 Castle Age
12:31 Double-Bit Axe
16:14 Bow Saw
20:34 Wheelbarrow
28:42 Imperial Age
27:05 Scale Barding Armor
27:59 Forging
27:48 Gold Mining
28:18 Husbandry
29:43 Chain Barding Armor
28:45 Cavalier
30:32 Hand Cart
30:13 Loom
30:13 Town Watch
30:18 Paladin
32:47 Plate Barding Armor
32:48 Iron Casting
32:38 Conscription
32:19 Chivalry
33:35 Gold Shaft Mining
35:56 Blast Furnace
37:04 Stone Mining
39:15 Pikeman
39:47 Halberdier
40:59 Arson
41:14 Squires
41:21 Scale Mail Armor
47:09 Chain Mail Armor
49:07 Elite Skirmisher
56:29 Coinage
58:49 Banking
58:44 Herbal Medicine
家恒
11:04 Feudal Age
11:39 Double-Bit Axe
12:01 Horse Collar
15:39 Castle Age
16:30 Bow Saw
16:21 Heavy Plow
19:03 Wheelbarrow
28:44 Imperial Age
28:58 Scale Barding Armor
29:04 Forging
29:07 Bloodlines
28:58 Husbandry
28:22 Light Cavalry
30:05 Hand Cart
30:12 Chain Barding Armor
29:58 Cavalier
30:01 Winged Hussar
31:19 Iron Casting
32:09 Conscription
33:53 Blast Furnace
33:18 Town Watch
34:06 Crop Rotation
34:37 Lechitic Legacy
34:31 Szlachta Privileges
35:08 Lechitic Legacy
35:21 Loom
36:32 Fletching
36:42 Padded Archer Armor
36:47 Scale Mail Armor
38:32 Chain Mail Armor
38:14 Bodkin Arrow
38:34 Leather Archer Armor
37:59 Pikeman
38:39 Squires
38:25 Arson
45:50 Plate Mail Armor
46:24 Fortified Wall
45:55 Treadmill Crane
53:07 Coinage
55:15 Banking
Tsukitech
11:52 Feudal Age
15:56 Castle Age
17:15 Double-Bit Axe
17:12 Horse Collar
29:20 Loom
31:50 First Crusade
31:33 Scale Mail Armor
31:43 Forging
32:48 Chain Mail Armor
37:35 Iron Casting
40:41 Arson
44:59 Imperial Age
44:28 Squires
45:10 Elite Serjeant
47:21 Blast Furnace
46:52 Plate Mail Armor
47:04 Heavy Plow
47:19 Bow Saw
47:15 Fletching
49:59 Capped Ram
52:09 Crop Rotation
55:46 Siege Ram
喜多川海梦
12:00 Feudal Age
12:46 Double-Bit Axe
13:01 Town Watch
15:57 Castle Age
23:33 Imperial Age
26:57 Gold Mining
40:50 Forging
41:28 Horse Collar
43:00 Scale Barding Armor
43:06 Heavy Camel Rider
44:38 Heavy Plow
46:22 Bow Saw
48:02 Gold Shaft Mining
48:35 Chain Barding Armor
49:10 Padded Archer Armor
50:41 Elite Janissary
51:58 Conscription
52:55 Wheelbarrow
53:32 Plate Barding Armor
53:35 Iron Casting
56:15 Leather Archer Armor
XUN
10:18 Feudal Age
14:29 Castle Age
14:24 Loom
39:06 Wheelbarrow
38:49 Double-Bit Axe
44:27 Gold Mining
44:00 Elite Skirmisher
45:01 Hand Cart
47:45 Imperial Age
45:55 Thumb Ring
47:39 Bow Saw
47:34 Fletching
47:45 Padded Archer Armor
49:22 Bodkin Arrow
49:17 Heavy Cavalry Archer
50:22 Parthian Tactics
50:48 Ballistics
52:31 Bracer
52:47 Leather Archer Armor
54:42 Chemistry
samlina228855
9:20 Feudal Age
9:43 Double-Bit Axe
9:40 Horse Collar
17:32 Castle Age
18:28 Bow Saw
19:05 Heavy Plow
19:38 Loom
20:30 Loom
25:52 Gold Mining
27:34 Wheelbarrow
26:56 Stone Mining
27:42 Gold Shaft Mining
31:46 Imperial Age
29:18 Husbandry
29:29 Bloodlines
29:29 Scale Barding Armor
29:35 Forging
30:58 Chain Barding Armor
32:20 Iron Casting
31:26 Cavalier
33:05 Hand Cart
34:19 Blast Furnace
33:55 Plate Barding Armor
33:42 Savar
36:34 Crop Rotation
37:06 Two-Man Saw
36:49 Conscription
37:30 Light Cavalry
41:10 Hussar
46:10 Chemistry
49:16 Caravan
佛山大维哥
11:09 Feudal Age
15:48 Castle Age
13:51 Double-Bit Axe
13:49 Horse Collar
15:06 Loom
17:40 Town Watch
18:30 Heavy Plow
20:08 Bow Saw
30:36 Imperial Age
30:53 Pikeman
31:33 Squires
32:03 Conscription
32:05 Wootz Steel
32:25 Scale Mail Armor
32:36 Forging
33:32 Coinage
34:41 Wheelbarrow
34:23 Chain Mail Armor
34:44 Iron Casting
35:19 Banking
35:47 Halberdier
37:03 Plate Mail Armor
38:07 Blast Furnace
38:16 Arson
40:15 Man-at-Arms
40:41 Gambesons
41:35 Long Swordsman
44:11 Two-Man Saw
43:27 Hand Cart
42:43 Two-Handed Swordsman
43:58 Champion
48:34 Siege Elephant
52:51 Padded Archer Armor
52:41 Fletching
53:56 Chemistry
53:17 Ballistics
54:13 Leather Archer Armor
54:15 Caravan
无心
13:25 Feudal Age
11:41 Loom
16:38 Castle Age
14:40 Double-Bit Axe
14:58 Horse Collar
16:26 Gold Mining
17:08 Fletching
18:09 Crossbowman
23:48 Wheelbarrow
26:22 Bodkin Arrow
33:42 Bow Saw
38:29 Imperial Age
36:15 Hand Cart
36:04 Pikeman
36:45 Squires
42:10 Halberdier
43:02 Forging
46:22 Arson
47:14 Iron Casting
47:04 Conscription
52:47 Ballistics
53:55 Thumb Ring
53:32 Arbalester
Connection lost

Rejoining the realm…

Still unreachable

The connection could not be restored.

Session expired

The server has moved on; the page needs a fresh start.